Map: Year Zero LE

Players

Jajanken

  • Race: Zerg Zerg
  • League: Master
  • Spawn Location: 11:00

Bundaberg - Winner!

  • Race: Zerg Zerg
  • League: Master
  • Spawn Location: 1:00

VOD

Have the link to the VOD?

Description

Time

  • Played on: Feb. 9, 2019, 1:33 a.m.
  • Length: 4:58
Show
View Real Time Build Order
Export as new Build Order

Jajanken Zerg 

Build Orders: Hatch First 

Get SALT Encoding   

  12  0:01  Drone  
  13  0:13  Overlord  
  13  0:18  Drone  
  14  0:31  Drone x2  
  16  0:36  Drone  
  17  0:53  Hatchery  
  17  0:56  Drone  
  17  0:58  Drone  
  18  1:10  Extractor  
  17  1:14  Spawning Pool  
  17  1:17  Drone  
  17  1:20  Drone  
  18  1:28  Drone  
  19  1:39  Overlord  
  19  1:52  Drone  
  20  2:00  Queen  
  22  2:05  Queen  
  22  2:06  Zergling x4  
  26  2:09  Metabolic Boost  
  26  2:15  Drone  
  27  2:25  Drone x2  
  29  2:34  Drone  
  30  2:40  Hatchery  
  29  2:50  Baneling Nest  
  28  2:52  Drone x2  
  28  2:56  Drone x2  
  32  3:02  Overlord  
  32  3:18  Drone  
  32  3:19  Drone x2, Zergling x2  
  36  3:20  Zergling x2  
  36  3:21  Zergling x4  
  36  3:25  Zergling x4  
  41  3:29  Overlord  
  41  3:38  Zergling x2  
  41  3:39  Zergling x2  
  43  3:42  Overlord  
  43  3:51  Baneling x2  
  43  3:52  Baneling x4  
  43  3:56  Zergling x6  
  43  3:57  Zergling x2  
  47  4:03  Zergling x8  
  47  4:04  Zergling x2  
  48  4:14  Zergling x6  
  46  4:27  Drone  
  46  4:28  Drone x3  
  41  4:40  Zergling x4  
  41  4:41  Zergling x6  
  46  4:46  Hatchery  
Show
View Real Time Build Order
Export as new Build Order

Bundaberg Zerg - Winner!

Build Orders: Hatch First 

Get SALT Encoding   

  12  0:01  Drone  
  13  0:13  Overlord  
  13  0:18  Drone  
  14  0:31  Drone x2  
  16  0:36  Drone  
  17  0:56  Hatchery  
  16  0:58  Drone  
  16  1:03  Drone  
  18  1:12  Extractor  
  17  1:19  Spawning Pool  
  17  1:22  Drone  
  17  1:24  Drone  
  18  1:29  Drone  
  19  1:45  Overlord  
  19  1:59  Drone  
  20  2:05  Queen  
  20  2:07  Zergling x2  
  23  2:09  Queen  
  23  2:13  Drone x2  
  27  2:16  Metabolic Boost  
  27  2:20  Drone  
  28  2:37  Drone x2  
  28  2:38  Drone  
  31  2:50  Hatchery  
  30  2:52  Overlord  
  30  2:58  Baneling Nest  
  30  3:00  Zergling x2  
  30  3:02  Zergling x2  
  31  3:09  Zergling x4  
  31  3:10  Zergling x2  
  33  3:18  Zergling x2  
  33  3:19  Zergling x4  
  36  3:23  Zergling x4  
  38  3:29  Zergling x2  
  38  3:30  Zergling x4  
  41  3:35  Zergling x4  
  43  3:41  Overlord  
  43  3:53  Drone  
  44  3:56  Baneling x4  
  44  4:02  Drone  
  45  4:03  Drone x4  
  46  4:15  Drone x5  
  40  4:36  Zergling x14  
  42  4:45  Roach Warren  
Tags
 
Add a new tag
Caveats
  • Supply blocks, unpowered buildings, or Contaminate may cause inaccurate times.
  • Supply counts are checked every 10 seconds.